 Dungeon Crawl Stone Soup version 0.28-a0-823-gb444dcf96d (webtiles) character file.

Game seed: 2080766645470515376

3196 siradein the Fighter (level 9, -4/83 HPs)
             Began as a Minotaur Fighter on Nov 9, 2021.
             Was an Initiate of Ru.
             Slain by a hornet (7 damage)
             ... while paralysed by a hornet
             ... on level 7 of the Dungeon.
             The game lasted 00:24:04 (8778 turns).

siradein the Fighter (Minotaur Fighter)             Turns: 8778, Time: 00:24:04

Health: -4/83      AC: 15    Str: 23    XL:     9   Next: 64%
Magic:  8/8        EV:  2    Int:  5    God:    Ru [......]
Gold:   174        SH:  0    Dex: 11    Spells: 8/8 levels left

rFire   . . .      SeeInvis .   a - +0 long sword
rCold   . . .      Faith    .   c - +0 buckler
rNeg    . . .      Spirit   .   l - +0 shadow dragon scales
rPois   .          Reflect  .   (helmet restricted)
rElec   .          Harm     .   (no cloak)
rCorr   +          Rampage  .   b - +0 pair of gloves
Will    .....                   (no boots)
Stlth   ++........              g - amulet of magic regeneration
HPRegen 0.23/turn               j - ring of resist corrosion
MPRegen 0.36/turn               (no ring)

@: paralysed, slowed
A: horns 2, retaliatory headbutt
a: Renounce Religion


You were on level 7 of the Dungeon.
You worshipped Ru.
Ru was noncommittal.
You visited 2 branches of the dungeon, and saw 8 of its levels.
You also visited: Sewer.

You collected 198 gold pieces.
You spent 24 gold pieces at shops.

Inventory:

Hand Weapons
 a - a +0 long sword (weapon)
Missiles
 e - 7 boomerangs (quivered)
 w - 3 throwing nets
Armour
 b - a +0 pair of gloves (worn)
 c - a +0 buckler (worn)
 l - +0 shadow dragon scales (worn)
Jewellery
 g - an amulet of magic regeneration (around neck)
 j - a ring of resist corrosion (left hand)
Wands
 t - a wand of iceblast (6)
 D - a wand of digging (3)
Scrolls
 f - a scroll of blinking {unknown}
 k - 4 scrolls of amnesia {unknown}
 n - 2 scrolls of immolation {unknown}
 o - a scroll of summoning {unknown}
 p - a scroll of teleportation {unknown}
 r - a scroll of magic mapping {unknown}
 v - a scroll of fog
 x - 2 scrolls of fear
 y - a scroll of holy word {unknown}
 A - a scroll of acquirement
Potions
 d - a potion of might
 h - 2 potions of heal wounds
 i - 2 potions of curing {unknown}
 m - a potion of flight {unknown}
 q - 2 potions of brilliance {unknown}
 u - a potion of invisibility {unknown}
 z - 2 potions of lignification {unknown}
 B - a potion of mutation {unknown}
 C - a potion of magic {unknown}
 E - a potion of ambrosia {unknown}


   Skills:
 + Level 9.0 Fighting
 + Level 8.5 Long Blades
 + Level 8.9 Armour
 + Level 9.0 Shields


You had 8 spell levels left.
You didn't know any spells.
Your spell library was empty.

Dungeon Overview and Level Annotations

Branches:
Dungeon (7/15)             Temple (1/1) D:7           Sewer (visited)

Altars:
Ashenzari
Cheibriados
Dithmenos
Elyvilon
Fedhas
Gozag
Hepliaklqana
Kikubaaqudgha
Makhleb
Nemelex Xobeh
Okawaru
Qazlal
Ru
Sif Muna
Trog
Uskayaw
Vehumet
Wu Jian
Xom
Yredelemnul
Zin
The Shining One

Shops:
D:5 ?[

Annotations:
D:5 1 runed translucent door, BigDaddyOpFi's ghost, novice OpFi
D:7 2 transporters, Rennog's ghost, novice DrAE


Innate Abilities, Weirdness & Mutations

You have a pair of horns on your head.
You reflexively headbutt those who attack you in melee.


Message History

You shrug off the repeated paralysis!
You miss the hornet.
The hornet is almost dead.
The hornet stings you.
* * * LOW HITPOINT WARNING * * *
You are poisoned.
You shrug off the repeated paralysis!
The hornet stings you but does no damage.
The hornet barely misses you.
You hit the hornet but do no damage.
The hornet is almost dead.
* * * LOW HITPOINT WARNING * * *
You feel very sick.
The hornet stings you but does no damage.
The hornet barely misses you.
You hit the hornet but do no damage. Your headbutt misses the hornet.
The hornet is almost dead.
You feel sick. The hornet barely misses you. x2
You miss the hornet.
The hornet is almost dead.
You feel sick.
The hornet stings you but does no damage.
The hornet stings you.
* * * LOW HITPOINT WARNING * * *
You feel as though you will be slow longer.
You feel much better.
You feel sick. You block the hornet's attack. The hornet stings you.
* * * LOW HITPOINT WARNING * * *
You feel as though you will be slow longer.
You hit the hornet but do no damage.
The hornet is almost dead.
You feel sick. The hornet closely misses you. The hornet stings you!
* * * LOW HITPOINT WARNING * * *
You suddenly lose the ability to move!
A centaur comes into view. It is wielding a +0 short sword.
The hornet stings you but does no damage.
You feel sick.
You are no longer poisoned.
The hornet stings you!
You die...

.. #.## .........# #.
#.## .##.c......#
#.###'## .'...(....
#....... #..>....#
#....... ####.......
#####...... ..........
#...<....#. .........#
#.....##.#. ........@#
#.....##.#. .......y.#
#.....##.#. .......!.#
#......#.#' .........#
#.......... .....^...#
#......##.. .........#
#......##..
#####...#######..###..'..
.....................##..
..####..#####........####


You could see a hornet and a centaur (wandering).

Vanquished Creatures
  Harold (D:7)
  A wyvern (D:7)
  A steam dragon (D:5)
  Menkaure (D:7)
  An orc warrior (D:5)
  An ice beast (D:6)
  2 black bears
  An ogre (D:6)
  A centaur (D:5)
  A phantom (D:6)
  A kobold brigand (D:7)
  A gnoll sergeant (D:4)
  4 scorpions
  A water moccasin zombie (D:7)
  2 centaur zombies
  2 bullfrog skeletons
  6 hounds
  3 orc priests
  2 bullfrog zombies
  3 iguanas
  5 orc wizards
  A killer bee zombie (D:5)
  A hound skeleton (D:5)
  A howler monkey zombie (D:6)
  10 gnolls
  A howler monkey skeleton (D:4)
  9 adders
  A white imp (D:5)
  An adder skeleton (D:5)
  3 worms
  2 dart slugs (D:1)
  14 orcs
  9 ball pythons
  8 bats
  3 endoplasms
  8 giant cockroaches
  3 goblins
  7 hobgoblins
  10 jackals (Sewer)
  4 quokkas
  4 frilled lizards
  24 kobolds
  6 rats
171 creatures vanquished.

Vanquished Creatures (others)
  A steam dragon (D:6)
  11 fungi (D:6)
  24 plants
  2 withered plants (D:5)
38 creatures vanquished.

Grand Total: 209 creatures vanquished

Notes
Turn   | Place    | Note
-------+----------+-------------------------------------------
     0 | D:1      | siradein the Minotaur Fighter began the quest for the Orb.
     0 | D:1      | Reached XP level 1. HP: 19/19 MP: 0/0
   178 | D:1      | Reached XP level 2. HP: 27/27 MP: 1/1
   452 | D:1      | Reached XP level 3. HP: 32/33 MP: 2/2
  1143 | D:2      | Reached XP level 4. HP: 37/41 MP: 3/3
  1492 | D:3      | Reached XP level 5. HP: 47/47 MP: 4/4
  1555 | D:3      | Found a faded altar of an unknown god.
  1622 | D:3      | Found a glowing drain.
  1642 | Sewer    | Entered a sewer
  2664 | D:3      | Reached skill level 5 in Fighting
  2664 | D:3      | Reached skill level 5 in Shields
  2665 | D:3      | Reached skill level 5 in Armour
  3001 | D:4      | Reached XP level 6. HP: 55/56 MP: 5/5
  4095 | D:4      | Reached skill level 5 in Long Blades
  4095 | D:4      | Reached XP level 7. HP: 46/62 MP: 6/6
  4308 | D:4      | Identified the +4 whip "Cableyfo" {pain, Int+3 Dex+4}
  4691 | D:5      | Entered Level 5 of the Dungeon
  4987 | D:5      | Found Mastroeq's Magic Scroll Shoppe.
  4993 | D:5      | Bought a scroll of identify for 24 gold pieces
  5028 | D:5      | Reached XP level 8. HP: 71/71 MP: 7/7
  5335 | D:5      | Noticed BigDaddyOpFi's ghost (novice OpFi)
  5337 | D:5      | Found a runed translucent door.
  5434 | D:5      | Found Lesongei's Antique Armour Shop.
  6855 | D:6      | Reached XP level 9. HP: 81/81 MP: 8/8
  7501 | D:7      | Noticed a moth of wrath
  7504 | D:7      | Found a transporter.
  7545 | D:7      | Noticed a two-headed ogre
  7559 | D:7      | Found a staircase to the Ecumenical Temple.
  7572 | Temple   | Entered the Ecumenical Temple
  7889 | Temple   | Became a worshipper of Ru the Awakened
  8065 | D:7      | Identified a scroll of acquirement
  8112 | D:7      | Noticed Menkaure
  8125 | D:7      | Killed Menkaure
  8186 | D:7      | Noticed Harold
  8307 | D:7      | Killed Harold
  8485 | D:7      | Found a transporter.
  8485 | D:7      | Noticed Rennog's ghost (novice DrAE)
  8487 | D:7      | Found a bloodstained altar of Trog.
  8573 | D:7      | Identified the +1 leather armour of Trial and Error {rPois
                  | Dex+4}
  8768 | D:7      | Paralysed by a hornet for 3 turns
  8775 | D:7      | HP: 4/83 [hornet (3)]
  8777 | D:7      | Paralysed by a hornet for 3 turns
  8778 | D:7      | Slain by a hornet

Illustrated notes

Levels and vault maps discovered:
D:1:      grunt_arrival_lava_bath, layout_basic, nrook_mini_vaults,
          hangedman_decor_points
D:2:      layout_basic, serial_bayou_pond_c
D:3:      layout_loops_ring, basic_ecumenical_altar, portal_sewer_entry_f,
          lemuel_old_faithful
D:4:      layout_basic
D:5:      layout_rooms, gammafunk_ghost_grave, serial_shops, kennysheep_mini,
          shop
D:6:      kennysheep_steamy, layout_basic, serial_corexii_hall,
          corexii_hall_statues_i, corexii_hall_statues_t, due_unseen_surprise
D:7:      corexii_shack_village, layout_basic, minmay_temple_entry_mini_moons,
          gammafunk_ghost_wrathful_warriors, uniq_menkaure, uniq_harold
Temple:   mainiacjoe_temple_circle_huts

Skill      XL: |  1  2  3  4  5  6  7  8  9 |
---------------+----------------------------+-----
Armour         | 4 5 6 7 8 |  8.9
Fighting       | 4 5 6 7 9 |  9.0
Long Blades    | 3 4 5 6 7 8 |  8.5
Shields        | 4 5 6 7 9 |  9.0

Action                   |  1- 3 |  4- 6 |  7- 9 || total
-------------------------+-------+-------+-------++-------
Melee: Long sword        |    63 |   248 |   261 ||   572
       Headbutt          |     8 |    25 |    51 ||    84
Throw: Dart              |       |       |    10 ||    10
       Boomerang         |       |       |     1 ||     1
Evoke: Wand              |       |       |     1 ||     1
  Use: Scroll            |       |       |     5 ||     5
       Potion            |       |       |     2 ||     2
 Stab: Sleeping          |       |     3 |     6 ||     9
Armor: Scale mail        |    38 |     7 |       ||    45
       Shadow dragon sca |       |   153 |   173 ||   326
Dodge: Dodged            |    20 |    72 |   106 ||   198
Block: Buckler           |    12 |    66 |    72 ||   150

Table legend: (Time is in decaauts)
 A = Elapsed time spent in this place.
 B = Non-inter-level travel time spent in this place.
 C = Inter-level travel time spent in this place.
 D = Time resting spent in this place.
 E = Time spent auto-exploring this place.
 F = Levels seen in this place.
 G = Mean time per level.
                   A        B        C        D        E       F      G
               +--------+--------+--------+--------+--------+-----+--------+
         Total |   9087 |   8874 |    213 |   1152 |   5703 |   9 | 1009.7 |
       Dungeon |   7724 |   7563 |    161 |   1152 |   4797 |   7 | 1103.4 |
        Temple |    336 |    284 |     52 |      0 |    262 |   1 |  336.0 |
         Sewer |   1026 |   1026 |      0 |      0 |    644 |   1 | 1026.0 |
               +--------+--------+--------+--------+--------+-----+--------+

Top non-repeatable levels by time:
     D:5: 1539 daAuts
     D:4: 1478 daAuts
     D:6: 1208 daAuts
     D:3: 1043 daAuts
     D:7: 1029 daAuts
   Sewer: 1026 daAuts
     D:1: 756 daAuts
     D:2: 669 daAuts
  Temple: 336 daAuts
